 Dungeon Crawl Stone Soup version 0.29.1-1-gd02db69 (webtiles) character file.

Game seed: 965835530625954261

30 Kel the Covered (level 3, -2/24 HPs)
             Began as a Gargoyle Fighter on Nov 23, 2022.
             Slain by Sigmund
             ... wielding a +0 scythe
              (7 damage)
             ... on level 2 of the Dungeon.
             The game lasted 00:01:45 (1101 turns).

Kel the Covered (Gargoyle Fighter)                  Turns: 1101, Time: 00:01:45

Health: -2/24      AC: 12    Str: 19    XL:     3   Next: 18%
Magic:  3/3        EV:  3    Int:  8    God:
Gold:   16         SH: 12    Dex: 11    Spells: 2/2 levels left

rFire   . . .      SeeInvis .   a - +0 war axe
rCold   . . .      Faith    .   i - +0 tower shield
rNeg    + . .      Spirit   .   g - +0 chain mail
rPois   ∞          Reflect  .   (no helmet)
rElec   +          Harm     .   (no cloak)
rCorr   .          Rampage  .   (no gloves)
Will    .....                   (no boots)
Stlth   ..........              (no amulet)
HPRegen 0.08/turn               (no ring)
MPRegen 0.08/turn               (no ring)

@: no status effects
A: sickness immunity, AC +3, negative energy resistance 1, electricity
resistance, torment resistance 1, petrification resistance
a: no special abilities


You were on level 2 of the Dungeon.
You visited 1 branch of the dungeon, and saw 2 of its levels.

You collected 16 gold pieces.

Inventory:

Hand Weapons
 a - a +0 war axe (weapon)
Armour
 g - a +0 chain mail (worn)
 i - a +0 tower shield (worn)
Jewellery
 k - a ring of wizardry
Scrolls
 b - 2 scrolls of immolation {unknown}
 e - a scroll of identify {unknown}
 h - a scroll of amnesia {unknown}
 j - a scroll of fear {unknown}
Potions
 c - a potion of heal wounds {unknown}
 d - a potion of might
 f - a potion of resistance {unknown}
 l - a potion of attraction {unknown}


   Skills:
 + Level 3.7 Fighting
 + Level 2.3 Axes
 + Level 3.7 Armour
 - Level 3.3 Shields


You had 2 spell levels left.
You didn't know any spells.
Your spell library was empty.

Dungeon Overview and Level Annotations

Branches:
Dungeon (2/15)

Altars:

Annotations:
D:2 Sigmund


Innate Abilities, Weirdness & Mutations

You are immune to sickness and miasma.
Your stone body is resilient. (AC +3)
You are immune to poison.
You resist negative energy. (rN+)
You are resistant to electric shocks. (rElec)
You are resistant to unholy torment.
You are immune to petrification.


Message History

The magic dart hits you but does no damage.
Sigmund hits you but does no damage.
A bat comes into view.
You hit Sigmund.
Sigmund is lightly wounded.
You block Sigmund's attack. x2
You barely miss Sigmund.
Sigmund is lightly wounded.
Sigmund hits you but does no damage.
You hit Sigmund but do no damage.
Sigmund is lightly wounded.
Sigmund screams, "Don't try to resist!"
Sigmund hits you but does no damage.
You barely miss Sigmund.
Sigmund is lightly wounded.
Sigmund hits you but does no damage.
You hit Sigmund but do no damage.
Sigmund is lightly wounded.
You block Sigmund's attack.
You closely miss Sigmund.
Sigmund is lightly wounded.
Sigmund hits you with a +0 scythe!
You barely miss Sigmund.
Sigmund is lightly wounded.
Sigmund mumbles some strange words.
Sigmund flickers and vanishes!
Deactivating autopickup; reactivate with Ctrl-A.
You block something's attack.
You slash something! Something hits you.
You are too injured to fight recklessly!
You miss something. Something hits you.
* * * LOW HITPOINT WARNING * * *
You hit something.
You hear some strange, mumbled words.
A puff of flame appears from out of thin air!
The puff of flame hits you but does no damage.
Something hits you but does no damage.
You miss something. You hit something. Something hits you!
You die...

#..........#
#..........#
#..........#
#..<.......#
#...........
##..........#
##...........#
#............#
##....@.......#
#...###{##.####
#.#.###b# .#
#.#.....# .#
#.#.###.# #.#.#
#..# ....>
.....
.............
...............


You could see a bat.

Vanquished Creatures
  5 ball pythons
  4 endoplasms (D:1)
  2 giant cockroaches (D:1)
  2 goblins (D:1)
  5 hobgoblins (D:1)
  A quokka (D:1)
  2 bats (D:1)
  2 kobolds (D:1)
  A rat (D:1)
24 creatures vanquished.

Notes
Turn   | Place    | Note
-------+----------+-------------------------------------------
     0 | D:1      | Kel the Gargoyle Fighter began the quest for the Orb.
     0 | D:1      | Reached XP level 1. HP: 14/14 MP: 1/1
   121 | D:1      | Reached XP level 2. HP: 16/19 MP: 2/2
   625 | D:1      | Reached XP level 3. HP: 24/24 MP: 3/3
   720 | D:1      | Found a faded altar of an unknown god.
  1076 | D:2      | Noticed Sigmund
  1101 | D:2      | Slain by Sigmund

Illustrated notes

Levels and vault maps discovered:
D:1:      lightli_iron_boxes, layout_basic, shapermc_ecumenical_altar_ellora
D:2:      layout_rooms, kennysheep_minor_cross, uniq_sigmund

Skill      XL: |  1 |
---------------+----+-----
Axes           | 2 |  2.3
Fighting       | |  3.7
Armour         | |  3.7
Shields        | |  3.3

Action                   || total
-------------------------++-------
Melee: War axe           ||    79
Armor: Scale mail        ||     7
       Chain mail        ||    37
Dodge: Dodged            ||    12
Block: Buckler           ||     5
       Tower shield      ||    40
